 Dungeon Crawl Stone Soup version 0.15-a0-1269-g8ca96ae (webtiles) character file.

81 Quh the Poker (level 4, 0/35 HPs)
             Began as a Demonspawn Abyssal Knight on June 5, 2014.
             Was a Believer of Lugonu.
             Succumbed to a kobold's poison
             ... on Level 3 of the Dungeon.
             The game lasted 00:06:40 (2058 turns).

Quh the Poker (Demonspawn Abyssal Knight)           Turns: 2058, Time: 00:06:41

HP   0/35        AC  7     Str 13      XL: 4   Next: 19%
MP   5/5         EV  5     Int 14      God: Lugonu [**....]
Gold 62          SH  8     Dex 12      Spells:  0 memorised,  3 levels left

rFire  . . .     SeeInvis .     a - +1 spear
rCold  . . .     Clarity  .     k - +0 scale mail
rNeg   . . .     rCorr    .     j - +2 shield
rPois  .         rRot     .     (no helmet)
rElec  .         Spirit   .     (no cloak)
SustAb .         Warding  .     (no gloves)
rMut   .         Stasis   .     l - +0 pair of boots
Gourm  .                        (no amulet)
MR     .....                    (no ring)
                                (no ring)

@: lethally poisoned, not resistant to hostile enchantments, extremely
unstealthy
A: demonic guardian 1
a: Depart the Abyss, Bend Space, Renounce Religion


You were on level 3 of the Dungeon.
You worshipped Lugonu.
Lugonu was pleased with you.
You were hungry.

You visited 1 branch of the dungeon, and saw 3 of its levels.
You visited the Abyss 1 time.

You collected 62 gold pieces.

Inventory:

Hand weapons
 a - a +1,+1 spear (weapon)
 m - a +1,+1 antimagic dagger
Missiles
 g - 94 stones (quivered)
Armour
 b - a +0 leather armour
 j - a +2 shield (worn)
 k - a +0 scale mail (worn)
 l - a +0 pair of boots (worn)
 n - a +0 shield
Comestibles
 c - 2 bread rations
 i - a beef jerky
 r - 2 rotting chunks of goblin flesh
Scrolls
 d - a scroll of teleportation {unknown}
 e - a scroll of enchant weapon II {unknown}
 f - 3 scrolls of remove curse {unknown}
 p - a scroll of blinking {unknown}
Jewellery
 q - a +2 ring of intelligence {unknown}
Potions
 h - a potion of agility {unknown}
 o - a potion of invisibility {unknown}
 s - a potion of restore abilities {unknown}


   Skills:
 - Level 3.0 Fighting
 * Level 4.1 Polearms
 - Level 1.7 Armour
 - Level 0.8 Dodging
 - Level 2.4 Invocations


You had 3 spell levels left.
You didn't know any spells.

Dungeon Overview and Level Annotations

Branches:
Dungeon (3/15)

Altars:


Innate Abilities, Weirdness & Mutations

A weak demonic guardian rushes to your aid.


Message History

You feel sick.
Items here: %%%% ( 3 stones; a jackal corpse; a kobold corpse; a jackal corpse; a kobold corpse
* * * LOW HITPOINT WARNING * * *
You feel sick.
The kobold throws a stone.
The stone hits you but does no damage.
You see here a stone.
* * * LOW HITPOINT WARNING * * *
You feel sick.
There is an open door here.
* * * LOW HITPOINT WARNING * * *
You feel sick.
The kobold throws a stone.
The stone closely misses you.
* * * LOW HITPOINT WARNING * * *
You feel sick.
There is a stone staircase leading down here.
* * * LOW HITPOINT WARNING * * *
You feel sick.
You climb downwards.
A giant newt comes into view.
You die...

# #.###
#....
######.l##
........@#
##########


You could see a giant newt (sleeping).

Vanquished Creatures
  An adder (D:2)
  2 worms (D:2)
  3 giant cockroaches (D:1)
  4 hobgoblins
  14 jackals
  7 kobolds
  6 bats (D:1)
  4 giant newts (D:1)
  7 goblins
  A rat (D:1)
49 creatures vanquished.

Vanquished Creatures (collateral kills)
  An adder (D:2)
  A hobgoblin (D:2)
2 creatures vanquished.

Vanquished Creatures (others)
  A quasit (D:2)
1 creature vanquished.

Grand Total: 52 creatures vanquished

Notes
Turn   | Place    | Note
--------------------------------------------------------------
     0 | Abyss:1  | Quh, the Demonspawn Abyssal Knight, began the quest for the Orb.
     0 | Abyss:1  | Reached XP level 1. HP: 18/18 MP: 1/1
    65 | Abyss:1  | Noticed a small abomination
    68 | Abyss:1  | Noticed a sixfirhy
    73 | D:1      | Escaped the Abyss
   529 | D:1      | Gained mutation: A weak demonic guardian rushes to your aid. [demonic ancestry]
   529 | D:1      | Reached XP level 2. HP: 20/24 MP: 2/2
   543 | D:1      | Acquired Lugonu's first power
  1339 | D:1      | Reached XP level 3. HP: 29/29 MP: 4/4
  1770 | D:2      | Acquired Lugonu's second power
  1850 | D:2      | Reached XP level 4. HP: 21/35 MP: 5/5
  1985 | D:2      | Reached skill level 4 in Polearms
  2057 | D:2      | HP: 1/35 [poisoned by a kobold]
  2058 | D:3      | Succumbed to a kobold's poison

Action                   |  1- 3 |  4- 6 || total
-------------------------+-------+-------++-------
Melee: Spear             |   147 |    38 ||   185
Throw: Stone             |     1 |       ||     1
Invok: Depart the Abyss  |     1 |       ||     1
